 Dungeon Crawl Stone Soup version 0.27.1-1-g398f81649c (webtiles) character file.

Game seed: 762274564254927789

422 ZARRMARR the Insei (level 6, -7/41 HPs)
             Began as an Octopode Transmuter on Sept 6, 2021.
             Mangled by an orc warrior (14 damage)
             ... while paralysed by an orc warrior
             ... on level 7 of the Dungeon.
             The game lasted 00:24:52 (5510 turns).

ZARRMARR the Insei (Octopode Transmuter)            Turns: 5510, Time: 00:24:52

Health: -7/41      AC:  1    Str: 15    XL:     6   Next: 95%
Magic:  10/10      EV:  2    Int: 18    God:
Gold:   1385       SH:  0    Dex: 12    Spells: 7/11 levels left

rFire    . . .     SeeInvis .     - Unarmed
rCold    . . .     Faith    .   (no shield)
rNeg     . . .     Spirit   .   (helmet currently unavailable)
rPois    .         Reflect  .   (no amulet)
rElec    .         Harm     .   c - +6 ring of strength
rCorr    .         Rampage  .   (no ring)
Will     .....                  (no ring)
Stlth    +++.......             (no ring)
HPRegen  0.13/turn              (no ring)
MPRegen  0.12/turn              (no ring)
                                (no ring)
                                (no ring)

@: paralysed, appendages
A: tentacle spike 3, almost no armour, amphibious, 8 rings, camouflage 1,
gelatinous body 1, (nimble swimmer 1), tentacles
a: End Transformation


You were on level 7 of the Dungeon.
One of your tentacles had grown a beastly spike.
You visited 1 branch of the dungeon, and saw 8 of its levels.

You collected 1385 gold pieces.

Inventory:

Armour
 h - a +2 hat of willpower (melded)
 k - a +0 kite shield
Jewellery
 c - a +6 ring of strength (left tentacle)
Scrolls
 b - a scroll of blinking
 f - 2 scrolls of enchant armour
 g - a scroll of magic mapping
 l - a scroll of teleportation {unknown}
 n - a scroll of immolation {unknown}
Potions
 a - 2 potions of attraction {unknown}
 d - 3 potions of curing {unknown}
 e - a potion of cancellation {unknown}
 i - a potion of berserk rage {unknown}
 j - a potion of invisibility {unknown}
 m - a potion of brilliance {unknown}
 o - a potion of haste {unknown}


   Skills:
 + Level 2.5 Fighting
 + Level 3.2 Dodging
 + Level 3.5 Stealth
 + Level 1.6 Shields
 + Level 4.0 Unarmed Combat
 + Level 3.0 Spellcasting
 + Level 3.4 Transmutations
 + Level 0.0 Earth Magic


You had 7 spell levels left.
You knew the following spells:

 Your Spells              Type           Power      Damage    Failure   Level
a - Beastly Appendage     Tmut           30%        N/A       4%          1
b - Wereblood             Tmut           15%        N/A       6%          2
c - Apportation           Tloc           4%         N/A       16%         1

Your spell library contained the following spells:

 Spells                   Type           Power      Damage    Failure   Level
 Sandblast                Erth           4%         2d4       16%         1
 Summon Small Mammal      Summ           8%         N/A       16%         1
 Spider Form              Tmut/Pois      4%         N/A       24%         3
 Stone Arrow              Conj/Erth      4%         3d7       43%         3
 Ice Form                 Ice/Tmut       8%         N/A       63%         4
 Lehudib's Crystal Spear  Conj/Erth      1%         10d2      100%        8
 Animate Armour           Summ/Erth      Unusable   N/A       N/A         4

Dungeon Overview and Level Annotations

Branches:
Dungeon (8/15)
 Temple: D:4-7         Lair: D:8-11

Altars:
Vehumet

Annotations:
D:4 1 runed translucent door, Crazy Yiuf
D:5 exclusions: 4 gnolls and gnoll shaman, Sigmund
D:6 exclusions: ice beast, iguana and ufetubus


Innate Abilities, Weirdness & Mutations

One of your tentacles has grown a beastly spike.
You cannot wear most types of armour.
You are amphibious.
You can wear up to eight rings at the same time.
Your skin changes colour to match your surroundings (Stealth+).
Your rubbery body absorbs attacks. (AC +1, EV +1)
((You are camouflaged near water. (Stealth+)))
You have tentacles for arms and can constrict up to eight enemies at once.


Message History

Casting: Beastly Appendage (safe; 4% risk of failure)
Confirm with . or Enter, or press ? or * to list all spells.
One of your tentacles grows a vicious spike.
Your +2 hat of willpower melds into your body.
You feel less strong-willed.
The ufetubus shouts!
You tentacle-slap the ufetubus. You grab the ufetubus.
You pierce the ufetubus.
The ufetubus is heavily wounded.
You constrict the ufetubus, but do no damage.
The ufetubus hits you. The ufetubus barely misses you.
You tentacle-slap the ufetubus.
You pierce the ufetubus.
You kill the ufetubus!
Magic restored.
Your transformation is almost over.
You see here a +0 robe.
Your tentacle spike disappears.
Your +2 hat of willpower unmelds from your body.
You feel strong-willed.
o - a golden potion An orc is nearby!
Casting: Beastly Appendage (safe; 4% risk of failure)
Confirm with . or Enter, or press ? or * to list all spells.
One of your tentacles grows a vicious spike.
Your +2 hat of willpower melds into your body.
You feel less strong-willed.
The orc shouts!
You hear a shout!
A bullfrog comes into view.
The bullfrog gives a loud, deep croak!
The orc warrior shouts!
You hear a shout!
The orc closely misses you.
The orc warrior zaps a wand.
You suddenly lose the ability to move!
The orc barely misses you. The orc hits you with a +0 hand axe!
The orc hits you with a +0 trident! The orc hits you with a +0 hand axe.
The orc hits you with a +0 trident! The orc hits you with a +0 trident.
* * * LOW HITPOINT WARNING * * *
The orc hits you with a +0 trident.
* * * LOW HITPOINT WARNING * * *
The orc warrior hits you with a +2 trident of venom!
You die...

#..# #.. #..###.#
#####[...#.#
...#.##.#.#
#.#.##.#.######
#...##.#.#.....
#.#........#
........##.#.#.....
####...###.#@# #..
#... #.#oo..# #.#.
#.#oF#..... #.#.
#.##.. #### #.#.
#.# #.# #. #.# ..
###


You could see an orc warrior, a bullfrog and 2 orcs.

Vanquished Creatures
  A scorpion (D:5)
  A howler monkey (D:8)
  3 iguanas
  An orc wizard (D:3)
  A killer bee zombie (D:5)
  A hound skeleton (D:4)
  4 gnolls
  5 adders
  2 shadow imps
  A white imp (D:6)
  An ufetubus (D:7)
  2 worms (D:2)
  3 dart slugs
  7 orcs
  2 endoplasms (D:1)
  2 giant cockroaches
  5 goblins
  8 hobgoblins
  7 kobolds
  3 quokkas
  5 ball pythons
  5 bats
  3 frilled lizards (D:1)
  A jackal skeleton (D:3)
  4 rats
78 creatures vanquished.

Vanquished Creatures (others)
  2 plants (D:1)
2 creatures vanquished.

Grand Total: 80 creatures vanquished

Notes
Turn   | Place    | Note
-------+----------+-------------------------------------------
     0 | D:1      | ZARRMARR the Octopode Transmuter began the quest for the
                  | Orb.
     0 | D:1      | Reached XP level 1. HP: 13/13 MP: 3/3
   170 | D:1      | Reached XP level 2. HP: 18/18 MP: 3/5
   251 | D:1      | Reached skill level 1 in Stealth
   393 | D:1      | Found a faded altar of an unknown god.
   477 | D:1      | Reached XP level 3. HP: 22/23 MP: 4/6
   865 | D:2      | Found a radiant altar of Vehumet.
  1135 | D:2      | You fall into a shaft and drop 1 floor!
  1609 | D:3      | Reached XP level 4. HP: 28/28 MP: 4/7
  2437 | D:3      | Learned a level 2 spell: Wereblood
  2667 | D:3      | Identified 3 scrolls of acquirement
  2668 | D:3      | Acquired 1208 gold pieces
  2670 | D:3      | Acquired Sorcery 101
  2672 | D:3      | Acquired a +2 hat of willpower
  2681 | D:3      | Learned a level 1 spell: Apportation
  2839 | D:4      | Reached XP level 5. HP: 28/34 MP: 6/8
  3843 | D:4      | Found a runed translucent door.
  3844 | D:4      | Noticed Crazy Yiuf
  4193 | D:3      | Reached skill level 1 in Shields
  4395 | D:4      | Reached XP level 6. HP: 25/39 MP: 8/10
  4704 | D:5      | Entered Level 5 of the Dungeon
  4777 | D:5      | Noticed Sigmund
  4817 | D:5      | Reached skill level 4 in Unarmed Combat
  5248 | D:6      | Noticed an ice beast
  5297 | D:7      | Noticed an orc warrior
  5297 | D:7      | Noticed an orc warrior
  5348 | D:8      | Noticed an orc warrior
  5349 | D:8      | Noticed a two-headed ogre
  5350 | D:8      | Noticed an ice beast
  5505 | D:7      | Paralysed by an orc warrior for 7 turns
  5510 | D:7      | Mangled by an orc warrior

Illustrated notes

Levels and vault maps discovered:
D:1:      kennysheep_arrival_seaside, layout_basic,
          ebering_ecumenical_altar_petrified, serial_glass, glass_columns_c,
          glass_columns_a, glass_columns_b, glass_columns_a, feat_on_display,
          feat_on_display, minmay_strange_pillars
D:2:      layout_basic, basic_altar
D:3:      layout_loops_corners, minmay_cut_off
D:4:      layout_rooms, uniq_crazy_yiuf_cottage
D:5:      minmay_razor_zed, layout_loops_ring, kennysheep_diamond, uniq_sigmund
D:6:      layout_gridville, minmay_temple_entry_statues_pillars,
          chequers_arboretum, minmay_misc_feat_rugged, minmay_ruined_shrine,
          uniq_duvessa
D:7:      layout_loops_ring, uniq_maggie, uniq_prince_ribbit1, uniq_pikel
D:8:      layout_cave_pools, chequers_serial_rivers_room_b,
          onia_ninara_dug_in_and_dangerous

Skill      XL: |  1  2  3  4  5  6 |
---------------+-------------------+-----
Stealth        | 1 2 3 |  3.5
Fighting       | 2 |  2.5
Transmutations | 3 |  3.4
Shields        | 1 |  1.6
Dodging        | 3 |  3.2
Unarmed Combat | 4 |  4.0
Spellcasting   | 3 |  3.0

Action                   |  1- 3 |  4- 6 || total
-------------------------+-------+-------++-------
Melee: Unarmed           |    75 |    96 ||   171
       Constrict         |    22 |    29 ||    51
       Kick              |    26 |    34 ||    60
       Tentacles         |    10 |    19 ||    29
       Punch             |     3 |     2 ||     5
 Cast: Beastly Appendage |    25 |    33 ||    58
       Wereblood         |       |     4 ||     4
  Use: Scroll            |     3 |     5 ||     8
 Stab: Sleeping          |     5 |     6 ||    11
Armor: Skin              |     8 |     2 ||    10
Dodge: Dodged            |    25 |    49 ||    74
